 Dungeon Crawl Stone Soup version 0.30.0-5-g1a98f26d00 (webtiles) character file.

Game seed: 144537586085565250

77 Esekla the Grave Robber (level 4, -3/27 (28) HPs)
             Began as an Octopode Necromancer on May 10, 2023.
             Slain by Edmund
             ... wielding a +0 dire flail of draining
              (15 damage)
             ... on level 5 of the Dungeon.
             The game lasted 00:08:27 (2000 turns).

Esekla the Grave Robber (Octopode Necromancer)      Turns: 2000, Time: 00:08:28

HP:   -3/27 (28)    AC:  1    Str:  7    XL:     4   Next: 34%
MP:   4/7           EV: 13    Int: 19    God:
Gold: 154           SH:  0    Dex: 12    Spells: 3/7 levels left

rFire   . . .        k - +0 falchion
rCold   . . .        (no shield)
rNeg    . . .        (helmet restricted)
rPois   .            (no amulet)
rElec   .            s - +4 ring of slaying
rCorr   .            (no ring)
SInv    .            (no ring)
Will    .....        (no ring)
Stlth   +++          (no ring)
HPRegen 0.24/turn    (no ring)
MPRegen 0.10/turn    (no ring)
                     (no ring)

%: no passive effects
@: lightly drained
A: almost no armour, amphibious, 8 rings, camouflage 1, gelatinous body 1,
(nimble swimmer 1), tentacles
a: no special abilities


You were on level 5 of the Dungeon.
You visited 1 branch of the dungeon, and saw 4 of its levels.

You collected 154 gold pieces.

Inventory:

Hand Weapons
 c - a +0 dagger
 i - a +0 spear
 k - a +0 falchion (weapon)
Jewellery
 s - a +4 ring of slaying (left tentacle)
Wands
 t - a wand of digging (4)
Scrolls
 b - a scroll of magic mapping {unknown}
 d - a scroll of blinking {unknown}
 e - 4 scrolls of identify {unknown}
 f - a scroll of fog {unknown}
 g - a scroll of enchant armour {unknown}
 j - a scroll of vulnerability {unknown}
 m - 2 scrolls of teleportation {unknown}
 n - a scroll of noise {unknown}
 p - a scroll of amnesia {unknown}
 q - a scroll of fear {unknown}
Potions
 a - 2 potions of magic
 h - a potion of lignification {unknown}
 l - 2 potions of curing {unknown}
 o - a potion of haste {unknown}
 r - 2 potions of attraction {unknown}


   Skills:
 * Level 1.0 Fighting
 + Level 0.3(0.5) Short Blades
 * Level 0.5(0.6) Long Blades
 * Level 2.5 Dodging
 + Level 3.2 Stealth
 * Level 2.4 Spellcasting
 * Level 4.6 Necromancy


You had 3 spell levels left.
You knew the following spells:

 Your Spells              Type           Power      Damage    Failure   Level
a - Necrotise             Necr           80%        1d8       2%          1
d - Vampiric Draining     Necr           20%        2d7       7%          3

Your spell library contained the following spells:

 Spells                   Type           Power      Damage    Failure   Level
 Magic Dart               Conj           8%         1d3       16%         1
 Searing Ray              Conj           4%         2d4       24%         2
 Animate Dead             Necr           20%        N/A       24%         4
 Agony                    Necr           20%        N/A       54%         5
 Fulminant Prism          Conj/Hex       1%         3d5       85%         4


Dungeon Overview and Level Annotations

Branches:
Dungeon (3/15)

Altars:
Uskayaw

Annotations:
D:5 Edmund


Innate Abilities, Weirdness & Mutations

You cannot wear most types of armour.
You are amphibious.
You can wear up to eight rings at the same time.
Your skin changes colour to match your surroundings (Stealth+).
Your rubbery body absorbs attacks. (AC +1, EV +1)
((You are camouflaged when in or above water. (Stealth+)))
You have tentacles for arms and can constrict up to eight enemies at once.


Message History

You constrict the adder.
You kill the adder!
You see here an adder corpse.
Found 9 gold pieces.
Found a scroll labelled RIM PESALYERPHIALL.
q - a scroll labelled RIM PESALYERPHIALL
Found 2 bubbling silvery potions.
You hear the slow rusting of a distant drain.
r - 2 bubbling silvery potions
Found a steel ring.
Edmund the Younger comes into view.
He is wielding a +0 dire flail of draining.
Found a crooked silver wand.
Edmund shouts!
Edmund moves out of view.
You see here a +4 ring of slaying.
s - a +4 ring of slaying
Okay, then.
s - a +4 ring of slaying (left tentacle)
You see here a wand of digging (4).
t - a wand of digging (4)
You closely miss Edmund. You grab Edmund.
You constrict Edmund, but do no damage. Edmund closely misses you.
You hit Edmund. You squeeze Edmund, but do no damage.
Edmund is lightly wounded.
You constrict Edmund. Edmund barely misses you.
Edmund hits you with a +0 dire flail of draining!
Ouch! That really hurt!
You feel drained.
* * * LOW HITPOINT WARNING * * *
Casting: Vampiric Draining (quite dangerous; 7% risk of failure)
Confirm with . or Enter, or press ? or * to list all spells.
The spell is quite dangerous to miscast (7% risk of failure)!
Continue anyway?
Aiming: Vampiric Draining (quite dangerous; 7% risk of failure)
Press: ? - help, Shift-Dir - straight line, f - Edmund
Aim: Edmund, wielding a +0 dire flail of draining and wearing a +0 ring mail (lightly wounded, constricted by you)
You draw life force from Edmund!
You feel life coursing into your body.
You constrict Edmund.
Edmund hits you with a +0 dire flail of draining!
Ouch! That really hurt!
You die...

### ### #####..# ## #..
#.### #.#.# #..
..##...# #.#.# ...#
#.#..#.## #.#.#
.#..##.#@##..###.#.#
.........###.##...###
##............###...###
#####..##.#@.# ###...##
#..##..@.# ##...#
#..####### ###...##
#.## ###...### #.#
#...### #.### ###...###
#...# ###...## ###.##
##...# #..# ###...##
##.### ###...###


You could see Edmund.

Vanquished Creatures
  Jessica (D:3)
  2 adders
  A ball python (D:1)
  2 bats
  3 endoplasms
  2 giant cockroaches (D:1)
  A goblin (D:2)
  7 hobgoblins
  2 quokkas (D:1)
  3 frilled lizards (D:1)
  5 kobolds
  A rat (D:1)
30 creatures vanquished.

Notes
Turn   | Place    | Note
-------+----------+-------------------------------------------
     0 | D:1      | Esekla the Octopode Necromancer began the quest for the
                  | Orb.
     0 | D:1      | Reached XP level 1. HP: 11/11 MP: 3/3
   581 | D:1      | Reached XP level 2. HP: 13/17 MP: 5/5
   917 | D:1      | Reached XP level 3. HP: 16/22 MP: 6/6
  1321 | D:2      | Learned a level 3 spell: Vampiric Draining
  1728 | D:3      | Found a hide-covered altar of Uskayaw.
  1743 | D:3      | Noticed Jessica
  1750 | D:3      | Killed Jessica
  1751 | D:3      | Reached skill level 1 in Fighting
  1751 | D:3      | Reached XP level 4. HP: 21/28 MP: 3/7
  1866 | D:3      | You fall into a shaft and drop 2 floors!
  1866 | D:5      | Entered Level 5 of the Dungeon
  1872 | D:5      | Noticed a phantom
  1985 | D:5      | Noticed Edmund
  2000 | D:5      | Slain by Edmund

Illustrated notes

Levels and vault maps discovered:
D:1:      nzn_arrival_crosshair, layout_basic
D:2:      layout_loops_ring
D:3:      kennysheep_six_static_rooms, layout_loops_cross,
          eat_drink_and_be_merry_uskayaw, kennysheep_big_empty_room,
          chequers_serial_rivers_micro_c, moated_statue, uniq_jessica,
          uniq_terence
D:5:      layout_rooms, nicolae_overflow_hallway_of_the_gods,
          cheibrodos_sewer_entry_bend, serial_curves, eino_curves_03,
          eino_curves_03, eino_curves_02, eino_curves_03, minmay_starry_boxes,
          uniq_edmund

Skill      XL: |  1  2  3 |
---------------+----------+-----
Stealth        | 3 |  3.2
Fighting       | 1 |  1.0
Short Blades   | |  0.3
Long Blades    | |  0.5
Dodging        | |  2.5
Spellcasting   | |  2.4
Necromancy     | |  4.6

Action                     |  1- 3 |  4- 6 || total
---------------------------+-------+-------++-------
  Melee: Unarmed           |    19 |       ||    19
         Constrict         |    20 |     2 ||    22
         Tentacles         |    14 |     2 ||    16
         Short sword       |    37 |       ||    37
         Dagger            |    11 |       ||    11
         Falchion          |    10 |     7 ||    17
         Punch             |     1 |       ||     1
   Cast: Vampiric Draining |     1 |     1 ||     2
   Stab: Sleeping          |     4 |     1 ||     5
 Armour: Skin              |     4 |       ||     4
  Dodge: Dodged            |    48 |     5 ||    53
